 Dungeon Crawl Stone Soup version 0.14.0-15-g6b16f67 (webtiles) character file.

705 Kejsarherre the Martial Artist (level 7, 0/36 HPs)
             Began as a Vine Stalker Monk on Apr 18, 2014.
             Was a Believer of Makhleb.
             Slain by a giant gecko (3 damage)
             ... on Level 5 of the Dungeon.
             The game lasted 00:07:00 (2479 turns).

Kejsarherre the Martial Artist (Vine Stalker Monk)  Turns: 2479, Time: 00:07:01

HP   0/36        AC  4     Str 13      XL: 7   Next: 34%
MP   0/9         EV 12     Int 10      God: Makhleb [**....]
Gold 134         SH  0     Dex 19      Spells:  0 memorised,  6 levels left

rFire  . . .     SeeInvis .       - Unarmed
rCold  . . .     Clarity  .     v - +0 leather armour
rNeg   . . .     Conserve .     (no shield)
rPois  .         rCorr    .     (no helmet)
rElec  .         rRot     +     (no cloak)
SustAb . .       Spirit   +     s - +0 pair of gloves
rMut   .         Warding  .     (no boots)
Saprov . . .     Stasis   .     (no amulet)
MR     .....                    (no ring)
                                (no ring)

@: not resistant to hostile enchantments, fairly stealthy
A: fangs 2, regeneration 2, magic shield, antimagic bite, no device heal
a: Minor Destruction, Renounce Religion


You were on level 5 of the Dungeon.
You worshipped Makhleb.
Makhleb was pleased with you.
You were hungry.

You visited 1 branch of the dungeon, and saw 5 of its levels.
You also visited: Sewer.

You collected 134 gold pieces.

Inventory:

Armour
 a - a +0 robe
 s - a +0 pair of gloves (worn)
 v - a +0 leather armour (worn)
Magical devices
 y - a wand of magic darts (8) {unknown}
Comestibles
 b - 2 bread rations
 f - 2 meat rations
 p - a slice of pizza
 u - a choko
Scrolls
 d - a scroll of magic mapping {unknown}
 e - a scroll of teleportation {unknown}
 h - a scroll of remove curse
 i - a scroll of noise {unknown}
 l - a scroll of enchant weapon I {unknown}
 m - a scroll of random uselessness {unknown}
 q - a scroll of recharging {unknown}
 x - a scroll of fear {unknown}
Potions
 c - a potion of confusion
 g - 2 potions of heal wounds {unknown}
 j - 3 potions of restore abilities {unknown}
 k - 2 potions of haste {unknown}
 o - 4 potions of curing
 t - 3 potions of brilliance {unknown}
 w - a potion of flight


   Skills:
 + Level 3.0 Fighting
 + Level 2.8 Dodging
 - Level 2.4 Stealth
 + Level 8.3 Unarmed Combat


You had 6 spell levels left.
You didn't know any spells.

Dungeon Overview and Level Annotations

Branches:
Dungeon (5/15)
 Temple: D:4-7

Altars:
Fedhas
Makhleb
Xom


Innate Abilities, Weirdness & Mutations

You are immune to rotting.
You have extremely sharp teeth.
You heal very quickly.
When hurt, damage is shared between your health and your magic reserves.
Your bite disrupts and absorbs the magic of your enemies.
Potions and wands cannot restore your HP.


Message History

The hound barely misses you. Something hits you.
* * * LOW HITPOINT WARNING * * *
Something shocks you!
* * * LOW HITPOINT WARNING * * *
The hound bites you.
* * * LOW HITPOINT WARNING * * *
Drink which item? (? for menu, Esc to quit)
You feel better. Something hits you but does no damage.
The hound barely misses you.
Drink which item? (? for menu, Esc to quit)
You have no ailments to cure.
Drink which item? (? for menu, Esc to quit)
Okay, then.
The hound closely misses you.
A sky beast appears from thin air!
Reactivating autopickup.
The sky beast flickers out of sight!
Deactivating autopickup; reactivate with Ctrl-A.
The hound closely misses you. The giant gecko bites you.
You die...

#.....># #.....#...
#......# #.....# #
###......#####....#...#
.....................#
.#.................##.#
.#...............##
#.#..............#
.#...............#
.#........@.....#
#........hl.....###
..........{........
........$≈..{.......
.........≈..........
.........w.........
..................
.....)..w.........
.................


You could see 2 worms, a hound and a giant gecko.

Vanquished Creatures
  The ghost of mk83 the Cutter, an average HEAM of Fedhas (D:4)
  A big kobold (Sewer)
  A scorpion (D:5)
  2 orc priests (D:3)
  A big fish (Sewer)
  A hound (D:4)
  A worker ant (D:4)
  4 adders
  3 green rats
  4 worms
  2 giant mites
  An adder skeleton (D:4)
  2 giant geckos (D:3)
  7 orcs (D:3)
  9 goblins
  4 hobgoblins
  4 bats
  10 giant cockroaches
  3 giant newts
  15 jackals
  11 kobolds
  13 rats
100 creatures vanquished.

Notes
Turn   | Place    | Note
--------------------------------------------------------------
     0 | D:1      | Kejsarherre, the Vine Stalker Monk, began the quest for the Orb.
     0 | D:1      | Reached XP level 1. HP: 11/11 MP: 1/1
   228 | D:1      | Reached XP level 2. HP: 8/16 MP: 3/3
   518 | D:1      | Reached XP level 3. HP: 10/19 MP: 2/4
   604 | D:2      | Reached skill level 5 in Unarmed Combat
   741 | D:2      | Reached XP level 4. HP: 15/23 MP: 5/5
   955 | D:3      | Found a blossoming altar of Fedhas.
  1095 | D:4      | Found a shimmering altar of Xom.
  1197 | D:3      | Reached skill level 6 in Unarmed Combat
  1197 | D:3      | Reached XP level 5. HP: 14/27 MP: 5/7
  1508 | D:3      | Found a glowing drain.
  1534 | Sewer    | Entered a sewer
  1551 | Sewer    | Reached skill level 7 in Unarmed Combat
  1611 | Sewer    | Gained mutation: You heal very quickly. [vine stalker growth]
  1611 | Sewer    | Reached XP level 6. HP: 8/32 MP: 5/8
  1717 | Sewer    | Found a white marble altar of Elyvilon.
  2188 | D:4      | Noticed mk83's ghost (average HEAM)
  2222 | D:4      | Killed mk83's ghost
  2222 | D:4      | Reached skill level 8 in Unarmed Combat
  2222 | D:4      | Reached XP level 7. HP: 31/35 MP: 9/9
  2313 | D:4      | Found a burning altar of Makhleb.
  2368 | D:4      | Became a worshipper of Makhleb the Destroyer
  2368 | D:4      | Acquired Makhleb's first power
  2368 | D:4      | Acquired Makhleb's second power
  2383 | D:5      | Entered Level 5 of the Dungeon
  2474 | D:5      | HP: 1/36 [hound (1)]
  2479 | D:5      | Slain by a giant gecko

Action                   |  1- 3 |  4- 6 |  7- 9 || total
-------------------------+-------+-------+-------++-------
Melee: Unarmed           |   111 |   209 |    43 ||   363
Invok: Minor Destruction |       |       |     4 ||     4
  Use: Potion            |       |     2 |     1 ||     3
       Scroll            |       |     3 |       ||     3
 Stab: Sleeping          |     2 |     3 |       ||     5
